 Dungeon Sprint DCSS version 0.28.0-53-g5a82cb258f (webtiles) character file.

Game seed: 4180510731242793116

2025 Groucho the Covert (level 9, -10/50 HPs)
             Began as a Spriggan Enchanter on July 19, 2022.
             Was a Follower of Makhleb.
             Shot with a bolt by a yaktaur (31 damage)
             ... in the Dungeon (Sprint II: "The Violet Keep of Menkaure").
             The game lasted 00:06:17 (429 turns).

Groucho the Covert (Spriggan Enchanter)              Turns: 429, Time: 00:06:18

Health: -10/50     AC:  2    Str:  8    XL:     9   Next: 3%
Magic:  3/20       EV: 24    Int: 16    God:    Makhleb [*.....]
Gold:   66         SH:  0    Dex: 16    Spells: 8/24 levels left

rFire   . . .      SeeInvis +   a - +1 dagger
rCold   . . .      Faith    .   (no shield)
rNeg    . . .      Spirit   .   b - +0 robe
rPois   .          Reflect  .   (helmet restricted)
rElec   .          Harm     .   (no cloak)
rCorr   .          Rampage  .   (gloves unavailable)
Will    +....      NoTele   +   (boots unavailable)
Stlth   ++++++....              (no amulet)
HPRegen 0.16/turn               (no ring)
MPRegen 0.17/turn               (no ring)

@: very quick
A: very small, no large weapons, unfitting armour, see invisible, speed 3,
deterioration 2, low MP 1
a: Renounce Religion


You were in the Dungeon.
You worshipped Makhleb.
Makhleb was aware of your devotion.
You visited 1 branch You collected 982 gold pieces.
You spent 916 gold pieces at shops.

Inventory:

Hand Weapons
 a - a +1 dagger (weapon)
Armour
 b - a +0 robe (worn)
 c - the -5 hat of the Slug {rElec}
   (You bought it in a shop in the Dungeon)

   rElec:     It insulates you from electricity.
 f - a +0 buckler
Jewellery
 h - a ring of poison resistance
Scrolls
 i - a scroll of blinking
Potions
 d - a potion of curing
 e - a potion of heal wounds
 g - 2 potions of magic
 j - a potion of flight


   Skills:
 * Level 7.6 Fighting
 - Level 10.0 Short Blades
 + Level 11.6 Dodging
 * Level 14.6 Stealth
 + Level 8.4 Spellcasting
 + Level 8.6 Hexes
 + Level 2.6 Earth Magic


You had 8 spell levels left.
You knew the following spells:

 Your Spells              Type           Power      Damage    Failure   Level
a - Confusing Touch       Hex            34%        N/A       1%          3
b - Ensorcelled Hibernat  Hex/Ice        40%        N/A       2%          2
c - Dazzling Flash        Conj/Hex       40%        N/A       5%          3
d - Tukima's Dance        Hex            34%        N/A       1%          3
e - Passwall              Tmut/Erth      8%         N/A       10%         2
f - Stone Arrow           Conj/Erth      20%        3d8       19%         3

Your spell library contained the following spells:

 Spells                   Type           Power      Damage    Failure   Level
 Sandblast                Erth           30%        2d9       3%          1


Dungeon Overview and Level Annotations

Branches:
Dungeon (1/1)

Altars:
Cheibriados
Dithmenos
Elyvilon
Fedhas
Gozag
Hepliaklqana
Kikubaaqudgha
Makhleb
Nemelex Xobeh
Okawaru
Qazlal
Ru
Sif Muna
Trog
Uskayaw
Vehumet
Wu Jian
Xom
Yredelemnul
Zin
The Shining One
Beogh
Jiyva
Lugonu

Shops:
D [?::[*!!!=(*!=[

Annotations:
D exclusion: oklob plant


Innate Abilities, Weirdness & Mutations

You are very small and have problems with some larger weapons.
You are too small for most types of armour.
You have supernaturally acute eyesight. (SInv)
You cover ground extremely quickly. (Speed+++)
Your body often deteriorates upon taking damage.
Your magical capacity is low. (-10% MP)


Message History

The polar bear misses you.
You catch the helpless polar bear completely off-guard!
You skewer the polar bear like a kebab!!!
The polar bear is almost dead.
You hit the polar bear but do no damage.
The polar bear is almost dead.
The polar bear bites you!
Your body deteriorates!
You feel clumsy. The polar bear claws you.
Your body deteriorates!
You feel clumsy. The polar bear barely misses you.
The polar bear bites itself but does no damage.
The polar bear claws itself. x2
The polar bear is killed!
Makhleb accepts your kill.
The yaktaur wields a +0 arbalest.
The yaktaur shoots a bolt.
The bolt misses you.
You feel your dexterity returning.
Training target 10.0 for Short Blades reached!
Your Short Blades skill increases to level 10!
You have reached level 9!
Your experience leads to an increase in your attributes!
Increase (S)trength, (I)ntelligence, or (D)exterity?
You feel stronger. x2
Unknown command.
Unknown command.
Casting: Confusing Touch (safe; 1% risk of failure)
Confirm with . or Enter, or press ? or * to list all spells.
Aiming: Ensorcelled Hibernation (safe; 2% risk of failure)
Press: ? - help, Shift-Dir - straight line, f - yaktaur
Aim: a yaktaur, wielding a +0 arbalest and quivering bolts (lightly wounded, chance to affect: 35%)
The yaktaur easily resists.
Casting: Ensorcelled Hibernation (safe; 2% risk of failure)
Confirm with . or Enter, or press ? or * to list all spells.
Aiming: Ensorcelled Hibernation (safe; 2% risk of failure)
Press: ? - help, Shift-Dir - straight line, f/p - yaktaur
Aim: a yaktaur, wielding a +0 arbalest and quivering bolts (lightly wounded, chance to affect: 35%)
The yaktaur easily resists.
The yaktaur shoots a bolt.
The bolt hits you!!
Ouch! That really hurt!
You die... .. +##.. #. ..##.#### +.### #..# ...# ...# ## ..####..## #..# $# $(($(

'###.##..# +^.# c#▓($)($[
.##..##..# #..# .#▓!?$))(!
<.'##.'..####..##†#▓$($[$(!
.##..##....###..@##▓▓▓▓▓▓▓+
'###.##....§.≈≈≈≈≈≈≈≈≈≈≈≈≈
#.####≈§..§.§≈#'########+###
##.#≈≈§≈≈§§§.≈#.._.....#S≈§#
.###≈≈§≈≈≈≈§.≈#._._....#≈≈§≈
+##≈≈≈≈≈§§§≈≈§#_._._...#S§≈≈
≈≈≈≈≈≈≈≈§≈≈≈≈≈#._._._..#§§≈§
#+++#≈≈≈§≈≈≈≈≈#_._._._.#§§≈§
≈°≈ #≈≈≈###§≈#._._._._#§≈≈≈


You could see a yaktaur.

Vanquished Creatures
  A merfolk siren (D)
  3 polar bears (D)
  A hornet (D)
  4 neqoxecs (D)
  A vampire mosquito (D)
  4 scorpions (D)
  3 worms (D)
17 creatures vanquished.

Vanquished Creatures (others)
  A water moccasin (D)
1 creature vanquished.

Grand Total: 18 creatures vanquished

Notes
Turn   | Place    | Note
-------+----------+-------------------------------------------
     0 | D        | Groucho the Spriggan Enchanter began the quest for the Orb.
     0 | D        | Reached XP level 1. HP: 9/9 MP: 5/5
     1 | D        | Noticed a neqoxec
     1 | D        | Noticed a neqoxec
     1 | D        | Noticed a neqoxec
     1 | D        | Noticed a neqoxec
     2 | D        | Gained mutation: Your magical capacity is low. (-10% MP) [a
                  | neqoxec]
     7 | D        | Gained mutation: Your body sometimes deteriorates upon
                  | taking damage. [a neqoxec]
    13 | D        | Killed a neqoxec
    14 | D        | Reached skill level 8 in Stealth
    14 | D        | Reached skill level 5 in Hexes
    14 | D        | Reached XP level 2. HP: 11/16 MP: 4/7
    14 | D        | Reached XP level 3. HP: 14/20 MP: 5/9
    14 | D        | Reached XP level 4. HP: 17/24 MP: 5/10
    18 | D        | Killed a neqoxec
    19 | D        | Reached skill level 9 in Stealth
    19 | D        | Reached skill level 5 in Spellcasting
    19 | D        | Reached XP level 5. HP: 16/30 MP: 5/12
    31 | D        | Gained mutation: Your body often deteriorates upon taking
                  | damage. [a neqoxec]
    33 | D        | Killed a neqoxec
    34 | D        | Reached skill level 5 in Fighting
    34 | D        | Reached skill level 10 in Stealth
    34 | D        | Reached XP level 6. HP: 14/35 MP: 6/14
    34 | D        | Killed a neqoxec
    35 | D        | Reached skill level 11 in Stealth
    45 | D        | Reached XP level 7. HP: 16/39 MP: 7/15
    49 | D        | Reached skill level 12 in Stealth
    50 | D        | Reached skill level 10 in Dodging
    54 | D        | Noticed a merfolk siren
    57 | D        | Killed a merfolk siren
    58 | D        | Reached XP level 8. HP: 19/45 MP: 8/17
   117 | D        | Found Lykasut's Distillery.
   117 | D        | Found Uplut's Jewellery Boutique.
   117 | D        | Found Amerulus's Antique Armour Shop.
   117 | D        | Found Xeiloymu's Antique Weapon Boutique.
   117 | D        | Found Denimpee's Jewellery Boutique.
   118 | D        | Found Akiush's Assorted Antiques.
   118 | D        | Found Woexkib's Distillery.
   118 | D        | Found Plog's Distillery.
   250 | D        | Learned a level 3 spell: Confusing Touch
   253 | D        | Learned a level 2 spell: Ensorcelled Hibernation
   257 | D        | Learned a level 3 spell: Dazzling Flash
   261 | D        | Learned a level 3 spell: Tukima's Dance
   265 | D        | Found Giawk's Distillery.
   265 | D        | Found Methre's General Store.
   285 | D        | Reached skill level 13 in Stealth
   293 | D        | Found Laneym's Antique Armour Boutique.
   293 | D        | Found Beteh's Book Shop.
   293 | D        | Noticed an oklob plant
   294 | D        | Found Naor's Magic Scroll Shop.
   294 | D        | Found Kozismaekh's Book Shoppe.
   294 | D        | Found Seapil's Antique Armour Boutique.
   295 | D        | Noticed a great orb of eyes
   304 | D        | Bought a brightly glowing hat for 216 gold pieces
   304 | D        | Identified the -5 hat of the Slug {rElec} (You bought it in
                  | a shop in the Dungeon)
   304 | D        | Bought a buckler for 108 gold pieces
   314 | D        | Bought a ring of poison resistance for 280 gold pieces
   332 | D        | Bought 2 potions of flight for 78 gold pieces
   342 | D        | Bought a book of Geomancy for 234 gold pieces
   345 | D        | Learned a level 2 spell: Passwall
   349 | D        | Learned a level 3 spell: Stone Arrow
   377 | D        | Found a stormy altar of Qazlal.
   378 | D        | Found a hazy altar of Hepliaklqana.
   378 | D        | Found a sacrificial altar of Ru.
   378 | D        | Found an ornate altar of the Wu Jian Council.
   379 | D        | Found a viscous altar of Jiyva.
   379 | D        | Found a shimmering blue altar of Sif Muna.
   380 | D        | Found a snail-covered altar of Cheibriados.
   380 | D        | Found an ancient bone altar of Kikubaaqudgha.
   380 | D        | Found a shimmering altar of Xom.
   380 | D        | Found a bloodstained altar of Trog.
   381 | D        | Found a shadowy altar of Dithmenos.
   381 | D        | Found a corrupted altar of Lugonu.
   383 | D        | Found a white marble altar of Elyvilon.
   383 | D        | Found a burning altar of Makhleb.
   384 | D        | Found a blossoming altar of Fedhas.
   386 | D        | Found an opulent altar of Gozag.
   386 | D        | Noticed a polar bear
   388 | D        | Found a glowing golden altar of the Shining One.
   388 | D        | Found a basalt altar of Yredelemnul.
   388 | D        | Found a hide-covered altar of Uskayaw.
   388 | D        | Found a sparkling altar of Nemelex Xobeh.
   388 | D        | Noticed a hornet
   389 | D        | Found a glowing silver altar of Zin.
   389 | D        | Found a radiant altar of Vehumet.
   389 | D        | Found an iron altar of Okawaru.
   389 | D        | Noticed a yaktaur
   398 | D        | Became a worshipper of Makhleb the Destroyer
   404 | D        | Noticed a polar bear
   404 | D        | Noticed a polar bear
   411 | D        | Killed a polar bear
   412 | D        | Reached skill level 1 in Earth Magic
   417 | D        | Killed a polar bear
   418 | D        | Reached skill level 14 in Stealth
   420 | D        | Killed a hornet
   420 | D        | Reached * piety under Makhleb
   427 | D        | Killed a polar bear
   428 | D        | Reached skill level 10 in Short Blades
   428 | D        | Reached XP level 9. HP: 21/50 MP: 7/20
   429 | D        | Shot with a bolt by a yaktaur

Illustrated notes

Levels and vault maps discovered:
D:        the_violet_keep_of_menkaure [sprint2_stairs_cluster_1,
          sprint2_shoproom, sprint2_temple, sprint2_basic_supplies,
          sprint2_obstacle_5, sprint2_obstacle_3, sprint2_obstacle_1,
          sprint2_obstacle_2, sprint2_obstacle_7, sprint2_timed_cluster_1,
          sprint2_smallroom_cluster_1, sprint2_smallroom_final_cluster_1,
          sprint2_transparent_cluster_1, sprint2_second_timed_cluster_1,
          sprint2_sniper_area_1, sprint2_heavy_combat_area_1,
          sprint2_mutation_trap_area_1, sprint2_forest_area_1,
          sprint2_light_combat_area_1, sprint2_behind_water_1,
          sprint2_near_end_vault_1]

Skill      XL: |  1  2  3  4  5  6  7  8 |
---------------+-------------------------+-----
Fighting       | 3 4 5 6 7 |  7.6
Short Blades   | 4 6 7 8 10 | 10.0
Dodging        | 6 7 8 9 10 11 | 11.6
Stealth        | 8 9 10 11 12 14 | 14.6
Spellcasting   | 4 5 6 7 8 |  8.4
Hexes          | 5 6 7 8 |  8.6
Earth Magic    | 2 |  2.6

Action                   |  1- 3 |  4- 6 |  7- 9 || total
-------------------------+-------+-------+-------++-------
Melee: Dagger            |    11 |    17 |    21 ||    49
       Punch             |       |     1 |       ||     1
 Cast: Confusing Touch   |       |       |     3 ||     3
       Ensorcelled Hiber |       |       |     4 ||     4
  Use: Potion            |     1 |     2 |     1 ||     4
 Stab: Invisible         |       |     3 |       ||     3
       Sleeping          |       |     1 |     9 ||    10
       Confused          |       |       |     5 ||     5
Armor: Robe              |     1 |       |       ||     1
Dodge: Dodged            |     1 |    10 |    17 ||    28
